Map: Port Aleksander LE

Players

aLive - Winner!

  • Race: Terran Terran
  • Spawn Location: 5:00

Harstem

  • Race: Protoss Protoss
  • Spawn Location: 11:00

Event: IEM Season 13: Katowice (2019)

VOD

Have the link to the VOD?

Description

Time

  • Played on: Feb. 25, 2019, 12:39 p.m.
  • Length: 7:29

All games in this series

Show
View Real Time Build Order
Export as new Build Order

aLive Terran - Winner!

Build Orders: Gas First Reaper Expand 

Get SALT Encoding   

  12  0:00  SCV  
  13  0:12  SCV  
  14  0:17  Supply Depot  
  14  0:24  SCV  
  14  0:28  Refinery  
  15  0:39  SCV  
  16  0:45  Barracks  
  16  0:51  SCV  
  17  1:03  SCV  
  18  1:15  SCV  
  19  1:32  Reaper, Orbital Command  
  20  1:44  Command Center  
  20  1:55  Factory  
  20  1:58  SCV  
  21  2:04  Refinery  
  21  2:06  Barracks Reactor  
  21  2:10  SCV  
  22  2:16  Supply Depot  
  22  2:22  SCV  
  23  2:38  SCV  
  23  2:41  Starport  
  24  2:48  Hellion x2  
  24  2:50  SCV  
  29  3:03  SCV  
  30  3:09  Orbital Command, Widow Mine x2  
  34  3:15  SCV  
  34  3:17  Medivac  
  37  3:27  Barracks Tech Lab, SCV  
  37  3:32  Widow Mine x2  
  42  3:36  SCV  
  42  3:39  SCV, Supply Depot  
  44  3:45  Marine  
  44  3:46  Stimpack  
  45  3:53  SCV x2  
  46  4:01  Widow Mine x2  
  50  4:08  SCV x2  
  52  4:10  Medivac  
  52  4:11  Barracks  
  52  4:15  Barracks  
  52  4:20  Supply Depot  
  52  4:23  SCV x2  
  54  4:31  Widow Mine  
  54  4:32  Widow Mine  
  54  4:42  SCV x2  
  54  4:43  Marine  
  57  4:48  Starport Tech Lab  
  57  4:49  Bunker  
  57  4:52  Supply Depot  
  55  4:54  SCV x2  
  57  5:02  Engineering Bay  
  57  5:06  SCV x2  
  57  5:07  Factory Reactor  
  59  5:09  Supply Depot  
  59  5:10  Marine x2  
  59  5:11  Combat Shield, Refinery, Marine  
  59  5:12  Starport Reactor  
  59  5:13  Marine  
  63  5:20  Supply Depot  
  63  5:22  SCV x2  
  63  5:23  Supply Depot  
  65  5:32  Terran Infantry Weapons Level 1  
  65  5:33  Marine x4  
  65  5:34  SCV x2  
  67  5:46  SCV x2  
  67  5:48  Widow Mine x2  
  73  5:52  Refinery, Supply Depot  
  73  5:54  Supply Depot  
  73  5:55  Marine x2  
  79  5:57  Marauder x2  
  79  6:02  Medivac x2  
  79  6:03  SCV x2  
  85  6:12  Widow Mine x2  
  85  6:13  Marine x2  
  93  6:20  Command Center  
  93  6:23  Marauder  
  93  6:24  Marauder  
  95  6:32  Concussive Shells  
  95  6:33  Barracks  
  95  6:35  Barracks  
  95  6:43  Marine x2  
  95  6:45  SCV x2  
  99  6:48  Marauder x2  
  99  6:50  Supply Depot  
  103  6:54  Supply Depot  
  103  6:59  SCV x2  
  103  7:08  Marine x2  
  102  7:24  Barracks Tech Lab, Barracks Reactor  
Show
View Real Time Build Order
Export as new Build Order

Harstem Protoss 

Build Orders: 1 Gate Expand, Oracle Opening, Blink Stalkers 

Get SALT Encoding   

  12  0:00  Probe  
  13  0:12  Probe  
  14  0:19  Pylon  
  14  0:24  Probe  
  15  0:33  Probe  
  15  0:38  Gateway  
  15  0:41  Probe  
  16  0:48  Assimilator  
  17  0:51  Probe  
  18  1:03  Probe  
  19  1:15  Probe  
  20  1:22  Nexus  
  20  1:32  Cybernetics Core  
  20  1:36  Probe  
  21  1:42  Assimilator  
  21  1:48  Probe  
  21  1:51  Pylon  
  22  1:59  Adept  
  22  2:00  Probe  
  23  2:12  Probe  
  26  2:15  Stargate  
  26  2:24  Probe  
  26  2:29  Adept  
  29  2:31  Warp Gate  
  29  2:35  Probe  
  29  2:36  Probe  
  30  2:45  Probe  
  30  2:48  Probe  
  30  2:49  Oracle  
  32  2:53  Probe  
  33  3:00  Probe  
  33  3:01  Probe  
  33  3:04  Adept  
  40  3:10  Pylon  
  40  3:14  Probe  
  40  3:16  Probe  
  42  3:23  Twilight Council  
  42  3:27  Probe  
  43  3:28  Probe  
  44  3:39  Probe  
  44  3:40  Blink  
  45  3:44  Probe  
  45  3:47  Gateway x2  
  46  3:52  Pylon  
  48  4:05  Nexus  
  48  4:07  Probe  
  48  4:08  Probe  
  47  4:19  Probe  
  47  4:21  Pylon  
  48  4:26  Probe  
  49  4:32  Probe  
  49  4:36  Forge  
  49  4:37  Probe  
  40  4:40  Probe  
  40  4:41  Stalker, Phoenix  
  40  4:42  Stalker  
  40  4:45  Probe  
  45  4:49  Probe  
  46  4:53  Probe  
  46  4:58  Probe  
  48  5:04  Stalker, Probe  
  52  5:10  Probe  
  52  5:11  Protoss Ground Armor Level 1  
  52  5:13  Probe  
  50  5:16  Probe  
  52  5:21  Probe  
  52  5:22  Probe  
  54  5:28  Probe  
  54  5:31  Probe  
  54  5:34  Probe  
  56  5:36  Charge  
  56  5:40  Probe  
  56  5:42  Stalker x2  
  53  5:43  Probe  
  53  5:45  Probe  
  55  5:52  Probe  
  55  5:53  Probe  
  55  5:55  Probe  
  57  6:00  Robotics Facility  
  57  6:02  Probe  
  58  6:04  Probe  
  58  6:07  Probe  
  58  6:08  Assimilator  
  58  6:10  Assimilator  
  61  6:12  Probe  
  61  6:15  Gateway  
  61  6:17  Gateway  
  61  6:18  Probe  
  62  6:20  Probe x2  
  62  6:21  Gateway  
  62  6:24  Sentry  
  67  6:26  Probe  
  67  6:28  Probe  
  67  6:32  Probe  
  70  6:35  Probe  
  70  6:37  Pylon  
  70  6:39  Probe, Pylon  
  71  6:41  Observer  
  71  6:44  Probe  
  73  6:49  Zealot x2  
  73  6:50  Pylon  
  73  6:51  Zealot  
  73  6:53  Probe  
  81  6:54  Probe  
  79  7:13  Zealot x5  
  79  7:25  Zealot  

Tags
 
Add a new tag
Caveats
  • Supply blocks, unpowered buildings, or Contaminate may cause inaccurate times.
  • Supply counts are checked every 10 seconds.